 Dungeon Crawl Stone Soup version 0.21.1-1-g345015f (webtiles) character file.

35 inc the Scratcher (level 3, 15/15 HPs)
             Began as a Felid Transmuter on Mar 6, 2018.
             Quit the game on level 2 of the Dungeon.
             The game lasted 00:02:21 (2169 turns).

inc the Scratcher (Felid Transmuter)                Turns: 2169, Time: 00:02:22

Health: 15/15      AC:  1    Str:  6    XL:     3   Next: 16%
Magic:  7/7        EV: 18    Int: 15    God:
Gold:   102        SH:  0    Dex: 16    Spells: 5/6 levels left
                                        Lives:  0   Deaths: 1

rFire    . . .     SeeInvis +     - Unarmed
rCold    . . .     Gourm    .   (shield unavailable)
rNeg     . . .     Faith    .   (armour unavailable)
rPois    .         Spirit   .   (helmet unavailable)
rElec    .         Reflect  .   (cloak unavailable)
rCorr    .         Harm     .   (gloves unavailable)
MR       .....                  (boots unavailable)
Stlth    ++........             (no amulet)
HPRegen  0.05/turn              (no ring)
MPRegen  0.10/turn              (no ring)

@: quick
A: very small, no armour, no weapons or thrown items, stealth, claws 1, fangs 3,
see invisible, carnivore, speed 1, shaggy fur 1, slow metabolism 1, sharp paws
a: no special abilities


You were on level 2 of the Dungeon.
You were not hungry.

You visited 1 branch of the dungeon, and saw 2 of its levels.

You collected 102 gold pieces.

Inventory:

Missiles
 a - 12 arrows
Jewellery
 e - a +3 ring of dexterity {unknown}
 i - a +3 ring of intelligence {unknown}
Scrolls
 f - a scroll of remove curse
 h - a scroll of amnesia {unknown}
 m - a scroll of fog {unknown}
 o - 2 scrolls of teleportation {unknown}
Potions
 d - 3 potions of might
 g - 2 potions of agility {unknown}
 j - a potion of invisibility {unknown}
 k - a potion of mutation {unknown}
 l - 2 potions of brilliance {unknown}
 n - 2 potions of degeneration {unknown}
Books
 b - a book of Changes

   Spells                             Type                      Level
   a - Beastly Appendage              Transmutation                1
   b - Sticks to Snakes               Transmutation                2
   c - Spider Form                    Transmutation/Poison         3
   d - Ice Form                       Ice/Transmutation            4
   e - Blade Hands                    Transmutation                5
Comestibles
 c - 5 rations


   Skills:
 - Level 1.0 Fighting
 - Level 2.6 Dodging
 + Level 5.1 Unarmed Combat
 - Level 2.0 Spellcasting
 - Level 2.1 Transmutations


You had 5 spell levels left.
You knew the following spells:

 Your Spells              Type           Power        Failure   Level  Hunger
a - Beastly Appendage     Tmut           #.....       9%          1    #......


Dungeon Overview and Level Annotations

Branches:
Dungeon (2/15)

Altars:

Annotations:
D:2 Robin


Innate Abilities, Weirdness & Mutations

You cannot wear armour.
You are incapable of wielding weapons or throwing items.
Your paws allow you to move quietly. (Stealth)
You have sharp claws.
You have razor-sharp teeth.
You have supernaturally acute eyesight. (SInv)
You are carnivorous and can eat meat at any time.
You cover ground quickly.
You are covered in fur. (AC +1)
You have a slow metabolism.
Your sharp claws are effective at attacking unaware monsters.


Message History

Found a gold piece.
A hobgoblin comes into view. It is wielding a club.
A goblin comes into view. It is wielding a dagger.
Robin throws the goblin at you!
Found 2 gold pieces.
You see here a gold piece.
The goblin shouts!
You scratch the goblin.
The goblin is moderately wounded.
The goblin hits you with a dagger. x2; Robin throws the goblin at you!
You scratch the goblin.
You kill the goblin!
The goblin completely misses you. The goblin hits you with a dagger.
The goblin hits you. The hobgoblin hits you with a club!
You die...
You are now level 3!
You rejoin the land of the living...
No target in view!
No target in view!
Are you sure you want to abandon this character and quit the game? (Confirm with "yes".)

############
#.......(..#######
#..........#.....#
#>........<#.....#
#......@.).#.....#
#..........#.....#
..#
#####.##.........#
#..# #.##.##.....†#
##..# #....##......#
#...#
##.######..>(.###....
##..# #.....#......
######...
####.........
........# ##.#.......


There were no monsters in sight!

Vanquished Creatures
  Terence (D:2)
  2 leopard geckos (D:2)
  A bat (D:1)
  4 giant cockroaches
  10 goblins
  7 hobgoblins (D:1)
  13 kobolds
  6 frilled lizards
  3 rats (D:1)
47 creatures vanquished.

Notes
Turn   | Place    | Note
-------+----------+-------------------------------------------
     0 | D:1      | inc the Felid Transmuter began the quest for the Orb.
     0 | D:1      | Reached XP level 1. HP: 9/9 MP: 4/4
    89 | D:1      | Reached XP level 2. HP: 9/12 MP: 6/6
   760 | D:1      | Reached skill level 4 in Unarmed Combat
   905 | D:1      | Reached XP level 3. HP: 5/15 MP: 7/7
  1730 | D:2      | Noticed Terence
  2002 | D:2      | Killed Terence
  2002 | D:2      | Reached skill level 5 in Unarmed Combat
  2002 | D:2      | Reached XP level 4. HP: 19/19 MP: 8/8
  2165 | D:2      | Noticed Robin
  2168 | D:2      | Slain by a hobgoblin
  2169 | D:2      | Reached XP level 3. HP: 0/15 MP: 7/7
  2169 | D:2      | Quit the game

Skill      XL: |  1  2  3 |
---------------+----------+-----
Unarmed Combat | 4 5 |  5.1
Fighting       | |  1.0
Dodging        | |  2.6
Spellcasting   | |  2.0
Transmutations | |  2.1

Action                   |  1- 3 |  4- 6 || total
-------------------------+-------+-------++-------
Melee: Unarmed           |   109 |    16 ||   125
       Bite              |    11 |       ||    11
  Use: Potion            |     1 |       ||     1
       Scroll            |     1 |       ||     1
 Stab: Sleeping          |     7 |       ||     7
  Eat: Chunk             |     1 |       ||     1
Armor: Skin              |     5 |     1 ||     6
Dodge: Dodged            |    62 |    13 ||    75
